 Dungeon Crawl Stone Soup version 0.29-a0-352-g0917bc69df (webtiles) character file.

Game seed: 8539329512530875553

37 Morbidden the Conjurer (level 3, 24/24 HPs)
             Began as a Demonspawn Conjurer on Apr 24, 2022.
             Was a Follower of Qazlal.
             Quit the game on level 1 of the Dungeon.
             The game lasted 00:01:15 (1378 turns).

Morbidden the Conjurer (Demonspawn Conjurer)        Turns: 1378, Time: 00:01:15

Health: 24/24      AC:  3    Str:  7    XL:     3   Next: 23%
Magic:  6/6        EV: 12    Int: 21    God:    Qazlal [*.....]
Gold:   23         SH:  1    Dex: 11    Spells: 3/6 levels left

rFire   . . .      SeeInvis .   a - +3 short sword (flame)
rCold   . . .      Faith    .   (no shield)
rNeg    . . .      Spirit   .   z - +0 robe
rPois   .          Reflect  .   (no helmet)
rElec   .          Harm     .   (no cloak)
rCorr   .          Rampage  .   (no gloves)
Will    .....                   (no boots)
Stlth   ++........              (no amulet)
HPRegen 0.08/turn               (no ring)
MPRegen 0.10/turn               (no ring)

@: no status effects
A: rugged brown scales 1, demonic guardian 1
a: Renounce Religion


You were on level 1 of the Dungeon.
You worshipped Qazlal.
Qazlal was aware of your devotion.
You visited 1 branch of the dungeon, and saw 2 of its levels.

You collected 23 gold pieces.

Inventory:

Hand Weapons
 a - a +3 short sword of flaming (weapon)
Armour
 z - a +0 robe (worn)
Jewellery
 d - a ring of fire
Scrolls
 e - a scroll of holy word {unknown}
 f - a scroll of summoning {unknown}
Potions
 b - a potion of magic
 c - a potion of flight {unknown}


   Skills:
 * Level 0.1 Fighting
 * Level 0.5 Short Blades
 * Level 2.0 Dodging
 + Level 1.9 Stealth
 * Level 2.2 Spellcasting
 * Level 4.6 Conjurations


You had 3 spell levels left.
You knew the following spells:

 Your Spells              Type           Power      Damage    Failure   Level
a - Magic Dart            Conj           84%        1d7       2%          1
b - Searing Ray           Conj           42%        2d6       3%          2

Your spell library contained the following spells:

 Spells                   Type           Power      Damage    Failure   Level
 Dazzling Flash           Conj/Hex       24%        N/A       17%         3
 Fulminant Prism          Conj/Hex       6%         3d7       50%         4
 Iskenderun's Mystic Bla  Conj/Tloc      12%        2d5       50%         4


Dungeon Overview and Level Annotations

Branches:
Dungeon (2/15)

Altars:
Qazlal


Innate Abilities, Weirdness & Mutations

You are partially covered in rugged brown scales. (AC +1, +3% HP)
A weak demonic guardian rushes to your aid.


Message History

Done exploring.
Unknown command.
Casting: Magic Dart (safe; 2% risk of failure)
Confirm with . or Enter, or press ? or * to list all spells.
You can't see any susceptible monsters within range! (Use Z to cast anyway.) Done exploring.
Casting: Magic Dart (safe; 2% risk of failure)
Confirm with . or Enter, or press ? or * to list all spells.
You can't see any susceptible monsters within range! (Use Z to cast anyway.) Done exploring.
Casting: Magic Dart (safe; 2% risk of failure)
Confirm with . or Enter, or press ? or * to list all spells.
You can't see any susceptible monsters within range! (Use Z to cast anyway.) Done exploring.
Casting: Magic Dart (safe; 2% risk of failure)
Confirm with . or Enter, or press ? or * to list all spells.
You can't see any susceptible monsters within range! (Use Z to cast anyway.) Done exploring.
Casting: Magic Dart (safe; 2% risk of failure)
Confirm with . or Enter, or press ? or * to list all spells.
You can't see any susceptible monsters within range! (Use Z to cast anyway.)
Okay, then.
Okay, then.
You see here a +0 dagger.
There is a stone staircase leading down here.
You climb downwards.
There is a stone staircase leading up here.
You climb upwards.
There is a stone staircase leading down here.
There is a faded altar of an unknown god here.
You cannot tell which god this altar belongs to.
Convert to them anyway?
Okay, then.
You cannot tell which god this altar belongs to.
Convert to them anyway?
Qazlal accepts your prayer! Qazlal welcomes you!
Qazlal grants you and your divine allies immunity to clouds.
You are now surrounded by a storm.
Unknown command.
Press < or > to pray at altars.
Are you sure you want to abandon this character and quit the game? (Confirm with "yes".)

#### #### #######..#
#..## #....#..##
##..### ###
#####....###.....######
#..
#.#...#...#..##...###..
####.....###.>......)..
##.@.## ##......##..
####.....####......#...
#.#...#...#........#...
#....###...........#...
##..## ##..##......#..^
##..###..###......####
#...#...# #.)....####
#.......# ###........
#.......# #........


There were no monsters in sight!

Vanquished Creatures
  7 ball pythons (D:1)
  3 endoplasms (D:1)
  A giant cockroach (D:1)
  4 hobgoblins (D:1)
  6 kobolds (D:1)
  2 quokkas (D:1)
  4 bats (D:1)
  4 goblins (D:1)
  2 rats (D:1)
33 creatures vanquished.

Notes
Turn   | Place    | Note
-------+----------+-------------------------------------------
     0 | D:1      | Morbidden the Demonspawn Conjurer began the quest for the
                  | Orb.
     0 | D:1      | Reached XP level 1. HP: 13/13 MP: 3/3
   195 | D:1      | Gained mutation: You are partially covered in rugged brown
                  | scales. (AC +1, +3% HP) [demonic ancestry]
   195 | D:1      | Reached XP level 2. HP: 11/19 MP: 5/5
   320 | D:1      | Found a faded altar of an unknown god.
   546 | D:1      | Learned a level 2 spell: Searing Ray
   893 | D:1      | Gained mutation: A weak demonic guardian rushes to your
                  | aid. [demonic ancestry]
   893 | D:1      | Reached XP level 3. HP: 24/24 MP: 6/6
  1377 | D:1      | Prayed at the altar of an unknown god.
  1377 | D:1      | Became a worshipper of Qazlal Stormbringer
  1377 | D:1      | Reached * piety under Qazlal
  1378 | D:1      | Quit the game

Illustrated notes

Levels and vault maps discovered:
D:1:      dpeg_arrival_rooms_a, layout_basic, nicolae_ecumenical_snake_handling,
          serial_park_tiny_1
D:2:      layout_basic, basic_altar

Skill      XL: |  1  2 |
---------------+-------+-----
Dodging        | 2 |  2.0
Fighting       | |  0.1
Short Blades   | |  0.5
Stealth        | |  1.9
Spellcasting   | |  2.2
Conjurations   | |  4.6

Action                   || total
-------------------------++-------
Melee: Short sword       ||    28
 Cast: Magic Dart        ||    37
 Stab: Sleeping          ||     1
Armor: Robe              ||     9
Dodge: Dodged            ||    23

Table legend: (Time is in decaauts)
 A = Elapsed time spent in this place.
 B = Non-inter-level travel time spent in this place.
 C = Inter-level travel time spent in this place.
 D = Time resting spent in this place.
 E = Time spent auto-exploring this place.
 F = Levels seen in this place.
 G = Mean time per level.
                   A        B        C        D        E       F      G
               +--------+--------+--------+--------+--------+-----+--------+
         Total |   1380 |   1350 |     30 |      0 |   1195 |   2 |  690.0 |
       Dungeon |   1380 |   1350 |     30 |      0 |   1195 |   2 |  690.0 |
               +--------+--------+--------+--------+--------+-----+--------+

Top non-repeatable levels by time:
     D:1: 1378 daAuts
     D:2: 1 daAuts
